 Dungeon Sprint DCSS version 0.20-a0-641-g673355a (webtiles) character file.

172 Kidiri the Magician (level 5, -9/32 HPs)
             Began as a Deep Elf Fire Elementalist on Feb 13, 2017.
             Was an Initiate of Vehumet.
             Killed from afar by a deep elf mage (34 damage)
             ... with a shard of ice
             ... in the Dungeon (Sprint III: "The Ten Rune Challenge").
             The game lasted 00:06:00 (945 turns).

Kidiri the Magician (Deep Elf Fire Elementalist)     Turns: 945, Time: 00:06:01

Health: -9/32      AC:  2    Str:  5    XL:     5   Next: 27%
Magic:  13/17      EV: 15    Int: 19    God:    Vehumet [......]
Gold:   51         SH:  0    Dex: 15    Spells: 1/19 levels left

rFire    . . .     SeeInvis .   n - +0 dagger (venom)
rCold    . . .     Gourm    .   a - +0 robe
rNeg     . . .     Faith    .   (no shield)
rPois    +         Spirit   .   (no helmet)
rElec    .         Reflect  .   (no cloak)
rCorr    .         Harm     .   (no gloves)
MR       .....     NoTele   +   (no boots)
Stlth    ++........             (no amulet)
Regen    0.1/turn               (no ring)
MPRegen  0.2/turn               (no ring)

@: no status effects
A: claws 1, hooves 1, blurry vision 1, dopey 1, poison resistance, wild magic 1,
MP-powered wands
a: Renounce Religion


You were in the Dungeon.
You worshipped Vehumet.
Vehumet was noncommittal.
You were not hungry.

You visited 1 branch You collected 51 gold pieces.

Inventory:

Hand Weapons
 n - a +0 dagger of venom (weapon)
Armour
 a - a +0 robe (worn)
Wands
 k - a wand of random effects (21/48)
Scrolls
 i - a scroll of blinking
 m - 3 scrolls of torment
 o - 2 scrolls of remove curse
 r - a scroll of recharging
 s - a scroll of enchant weapon {unknown}
Potions
 d - 2 potions of curing
 f - a potion of haste
 g - 2 potions of magic
 h - a potion of berserk rage
Comestibles
 c - a bread ration
 p - a fruit
 t - a meat ration


   Skills:
 + Level 2.9 Fighting
 + Level 2.6 Short Blades
 + Level 2.8 Armour
 + Level 5.0 Dodging
 - Level 2.4 Stealth
 * Level 7.7 Spellcasting
 + Level 4.0 Conjurations
 + Level 5.3 Fire Magic
 + Level 2.8 Evocations


You had one spell level left.
You knew the following spells:

 Your Spells              Type           Power        Failure   Level  Hunger
a - Flame Tongue          Conj/Fire      ####.        2%          1    None
b - Throw Flame           Conj/Fire      ####..       3%          2    None
c - Conjure Flame         Conj/Fire      ####....     8%          3    #......
d - Inner Flame           Hex/Fire       ###.....     17%         3    #......
e - Sticky Flame          Conj/Fire      ####....     21%         4    ###....
f - Fireball              Conj/Fire      ####......   47%         5    #####..


Dungeon Overview and Level Annotations

Branches:
Dungeon (1/1)

Altars:
Elyvilon
Kikubaaqudgha
Sif Muna
Vehumet
Zin
The Shining One


Innate Abilities, Weirdness & Mutations

You have sharp fingernails.
You have large cloven feet.
Scrolls take you a little longer to read.
You are dopey. (Int -2)
Your system is resistant to poisons. (rPois)
Your spells are a little harder to cast, but a little more powerful.
You expend magic power (3 MP) to strengthen your wands.


Message History

The deep elf mage points at you and mumbles some strange words.
The bolt of cold misses you.
You hit the deep elf mage.
The deep elf mage is poisoned.
You kick the deep elf mage, but do no damage.
The deep elf mage is lightly wounded.
The deep elf mage burns!
The deep elf mage closely misses you.
You hit the deep elf mage but do no damage.
The deep elf mage is moderately wounded.
The deep elf mage burns!
You hit the deep elf mage.
The deep elf mage is moderately wounded.
The deep elf mage burns!
The deep elf mage hits you with a long sword of holy wrath.
You hit the deep elf mage.
The deep elf mage looks even sicker.
The deep elf mage is heavily wounded.
The deep elf mage burns!
The deep elf mage stops burning.
The deep elf mage casts a spell at you. The shard of ice hits you!
Ouch! That really hurt!
You die...

▓▓▓▓▓ ▓▓▓ #(..####
##.#####
#......#####..#___#
#.....÷.#..#..#e@.#
##.##...#..#..###'#+###+
##.###..##+#..#..........
###.##..###...'.⌠........
#..##.[####...#...######+
...##..###....#.⌠.#
..##...##.....#...#
.##....#......#+###
###..##.#.....#.):#


You could see a deep elf mage.

Vanquished Creatures
  A water elemental (D)
  A wizard (D)
  Jessica (D)
  A human (D)
  A kobold demonologist (D)
  A wolf (D)
  An ooze (D)
  2 rats (D)
9 creatures vanquished.

Vanquished Creatures (others)
  2 draconian scorchers (D)
  6 hellions (D)
  2 yaktaurs (D)
10 creatures vanquished.

Grand Total: 19 creatures vanquished

Notes
Turn   | Place    | Note
-------+----------+-------------------------------------------
     0 | D        | Kidiri the Deep Elf Fire Elementalist began the quest for the Orb.
     0 | D        | Reached XP level 1. HP: 10/10 MP: 6/6
    42 | D        | Reached skill level 4 in Spellcasting
    92 | D        | Noticed Jessica
    97 | D        | Killed Jessica
    97 | D        | Reached skill level 1 in Fighting
    97 | D        | Reached skill level 1 in Armour
    97 | D        | Reached skill level 5 in Spellcasting
    97 | D        | Reached XP level 2. HP: 11/16 MP: 5/10
    97 | D        | Reached XP level 3. HP: 14/20 MP: 5/11
   101 | D        | Learned a level 2 spell: Throw Flame
   101 | D        | Killed a hellion
   101 | D        | Killed a hellion
   105 | D        | Learned a level 3 spell: Conjure Flame
   109 | D        | Learned a level 3 spell: Inner Flame
   111 | D        | Killed a hellion
   126 | D        | Killed a hellion
   150 | D        | Killed a yaktaur
   211 | D        | Reached skill level 1 in Short Blades
   211 | D        | Reached skill level 6 in Spellcasting
   211 | D        | Reached skill level 1 in Evocations
   224 | D        | Killed a hellion
   258 | D        | Killed a hellion
   324 | D        | Killed a white draconian scorcher
   365 | D        | Killed a white draconian scorcher
   378 | D        | Gained mutation: You are clumsy. (Dex -2) [potion of mutation]
   378 | D        | Gained mutation: You can translocate small distances at will. [potion of mutation]
   379 | D        | Lost mutation: You are clumsy. (Dex -2) [potion of mutation]
   379 | D        | Lost mutation: You can translocate small distances at will. [potion of mutation]
   379 | D        | Gained mutation: Scrolls take you a little longer to read. [potion of mutation]
   379 | D        | Gained mutation: You tend to lose your temper in combat. [potion of mutation]
   379 | D        | Gained mutation: You can translocate small distances at will. [potion of mutation]
   379 | D        | Gained mutation: You are covered in fur. (AC +1) [potion of mutation]
   380 | D        | Lost mutation: You tend to lose your temper in combat. [potion of mutation]
   380 | D        | Lost mutation: Scrolls take you a little longer to read. [potion of mutation]
   380 | D        | Lost mutation: You can translocate small distances at will. [potion of mutation]
   380 | D        | Lost mutation: You are covered in fur. (AC +1) [potion of mutation]
   380 | D        | Gained mutation: You expend magic power (3 MP) to strengthen your wands. [potion of mutation]
   380 | D        | Gained mutation: Your spells are a little harder to cast, but a little more powerful. [potion of mutation]
   380 | D        | Gained mutation: You are frail. (-10% HP) [potion of mutation]
   380 | D        | Gained mutation: You evolve. [potion of mutation]
   381 | D        | Lost mutation: You are frail. (-10% HP) [potion of mutation]
   381 | D        | Lost mutation: Your spells are a little harder to cast, but a little more powerful. [potion of mutation]
   381 | D        | Lost mutation: You expend magic power (3 MP) to strengthen your wands. [potion of mutation]
   381 | D        | Lost mutation: You evolve. [potion of mutation]
   381 | D        | Gained mutation: Your body sometimes deteriorates upon taking damage. [potion of mutation]
   381 | D        | Gained mutation: You have large cloven feet. [potion of mutation]
   381 | D        | Gained mutation: Your system is resistant to poisons. (rPois) [potion of mutation]
   381 | D        | Gained mutation: You have hoof-like feet. [potion of mutation]
   382 | D        | Lost mutation: You have hoof-like feet. [potion of mutation]
   382 | D        | Gained mutation: You are dopey. (Int -2) [potion of mutation]
   382 | D        | Gained mutation: Scrolls take you a little longer to read. [potion of mutation]
   382 | D        | Gained mutation: You are frail. (-10% HP) [potion of mutation]
   382 | D        | Gained mutation: You have a beak for a mouth. [potion of mutation]
   383 | D        | Lost mutation: You are frail. (-10% HP) [potion of mutation]
   383 | D        | Lost mutation: You have a beak for a mouth. [potion of mutation]
   383 | D        | Lost mutation: Your body sometimes deteriorates upon taking damage. [potion of mutation]
   383 | D        | Gained mutation: Your spells are a little harder to cast, but a little more powerful. [potion of mutation]
   383 | D        | Gained mutation: You expend magic power (3 MP) to strengthen your wands. [potion of mutation]
   383 | D        | Gained mutation: You have sharp fingernails. [potion of mutation]
   506 | D        | Killed a yaktaur
   517 | D        | Noticed a water elemental
   521 | D        | Killed a water elemental
   521 | D        | Reached skill level 7 in Spellcasting
   521 | D        | Reached skill level 5 in Fire Magic
   521 | D        | Reached XP level 4. HP: 27/27 MP: 8/15
   527 | D        | Learned a level 4 spell: Sticky Flame
   574 | D        | Found a radiant altar of Vehumet.
   575 | D        | Found a deep blue altar of Sif Muna.
   575 | D        | Found an ancient bone altar of Kikubaaqudgha.
   575 | D        | Noticed a wizard
   577 | D        | Noticed a hellwing
   577 | D        | Killed a wizard
   577 | D        | Reached XP level 5. HP: 31/31 MP: 11/16
   581 | D        | Noticed a soul eater
   581 | D        | Reached skill level 5 in Dodging
   597 | D        | Became a worshipper of Vehumet
   604 | D        | Learned a level 5 spell: Fireball
   938 | D        | Found a glowing silver altar of Zin.
   939 | D        | Found a glowing golden altar of the Shining One.
   939 | D        | Found a white marble altar of Elyvilon.
   939 | D        | Noticed a deep elf mage
   945 | D        | Killed from afar by a deep elf mage

Vault maps used:
D:        dungeon_sprint_mu

Skill      XL: |  1  2  3  4  5 |
---------------+----------------+-----
Spellcasting   | 5 7 |  7.7
Fighting       | 1 2 |  2.9
Armour         | 1 2 |  2.8
Dodging        | 3 4 5 |  5.0
Conjurations   | 2 3 4 |  4.0
Fire Magic     | 4 5 |  5.3
Short Blades   | 2 |  2.6
Evocations     | 2 |  2.8
Stealth        | |  2.4

Action                   |  1- 3 |  4- 6 || total
-------------------------+-------+-------++-------
Melee: Unarmed           |     1 |       ||     1
       Dagger            |     1 |     4 ||     5
       Kick              |       |     1 ||     1
 Cast: Flame Tongue      |    19 |     1 ||    20
       Conjure Flame     |     1 |       ||     1
       Throw Flame       |     1 |       ||     1
       Sticky Flame      |       |     3 ||     3
  Use: Potion            |     7 |     1 ||     8
       Scroll            |     2 |       ||     2
Dodge: Dodged            |     5 |    14 ||    19
